 Dungeon Crawl Stone Soup version 0.31-a0-1603-gbec6b6ccbf (console) character file.

Game seed: 11552624619205157833

120 Banquo the Magician (level 5, -6/40 HPs)
             Began as a Djinni Air Elementalist on Jan 7, 2024.
             Mangled by a gnoll
             ... wielding a +0 spear
              (9 damage)
             ... on level 3 of the Dungeon.
             The game lasted 00:05:44 (2111 turns).

Banquo the Magician (Djinni Air Elementalist)       Turns: 2111, Time: 00:05:45

Health: -6/40      AC:  2    Str:  7    XL:     5   Next: 25%
Gold:   182        EV:  6    Int: 18    God:
                   SH:  0    Dex: 14

rFire   + + .        b - +2 short sword (speed)
rCold   x . .        (no shield)
rNeg    . . .        a - +0 robe
rPois   ∞            (no helmet)
rElec   .            (no cloak)
rCorr   .            (no gloves)
SInv    .            (boots unavailable)
Will    +....        (no amulet)
Stlth   ++           g - ring of willpower
HPRegen 0.26/turn    (no ring)
MPRegen 0.00/turn

%: infuse magic (-7 HP)
@: flying, held
A: sickness immunity, fire resistance 2, cold vulnerability 1, float, innate
caster, HP casting, extra vitality 1
a: no special abilities


You were on level 3 of the Dungeon.
You visited 1 branch of the dungeon, and saw 3 of its levels.

You collected 182 gold pieces.

Inventory:

Hand Weapons
 b - a +2 short sword of speed (weapon)
Armour
 a - a +0 robe (worn)
 h - an orb of mayhem
Jewellery
 g - a ring of willpower (left hand)
Scrolls
 c - 6 scrolls of identify {unknown}
 e - a scroll of enchant weapon {unknown}
 f - 2 scrolls of fear {unknown}
 j - a scroll of blinking {unknown}
 l - 2 scrolls of amnesia {unknown}
Potions
 d - a potion of heal wounds {unknown}
 i - a potion of degeneration {unknown}
 k - a potion of mutation {unknown}
 m - a potion of brilliance {unknown}
 n - a potion of invisibility {unknown}


   Skills:
 * Level 2.8 Fighting
 - Level 2.1 Dodging
 - Level 1.5 Stealth
 * Level 4.1 Spellcasting
 * Level 4.1 Conjurations
 * Level 4.1 Hexes
 * Level 4.1 Summonings
 * Level 4.1 Necromancy
 * Level 4.1 Translocations
 * Level 4.1 Fire Magic
 * Level 4.1 Ice Magic
 * Level 4.1 Air Magic
 * Level 4.1 Earth Magic
 * Level 4.1 Alchemy


You knew the following spells:

 Your Spells              Type           Power      Damage    Failure   Level
a - Shock                 Conj/Air       72%        1d7       2%          1
b - Static Discharge      Conj/Air       36%        3-5/arc   4%          2
c - Swiftness             Air            18%        N/A       9%          3
d - Airstrike             Air            9%         2d(2-18)  26%         4
e - Kiss of Death         Conj/Necr      72%        2d10      2%          1
f - Jinxbite              Hex            36%        N/A       4%          2
Your spell library was empty.

Dungeon Overview and Level Annotations

Branches:
Dungeon (3/15)

Altars:
Hepliaklqana
Uskayaw
Wu Jian
Yredelemnul

Shops:
D:1 (


Innate Abilities, Weirdness & Mutations

You are immune to sickness and miasma.
You are immune to poison.
Your flesh is very heat resistant. (rF++)
You are vulnerable to cold. (rC-)
You float through the air rather than walking.
You learn spells naturally, not from books.
Your magical power is your life essence.
You have superior vitality. (+4 MHP)


Message History

Press: ? - help, Shift-Dir - straight line, f - rat, p - gnoll
Aim: a rat (71% to hit)
The zap misses the gnoll.
The zap hits the rat.
You kill the rat!
The gnoll hits you from afar with a +0 spear.
Casting: Shock (safe; 2% risk of failure)
Confirm with . or Enter, or press ? or * to list all spells.
Aiming: Shock (safe; 2% risk of failure)
Press: ? - help, Shift-Dir - straight line, f - gnoll
Aim: a gnoll, wielding a +0 spear and quivering a throwing net (lightly wounded, 75% to hit)
The zap hits the gnoll!
The gnoll is severely wounded.
The gnoll hits you but does no damage.
Casting: Shock (safe; 2% risk of failure)
Confirm with . or Enter, or press ? or * to list all spells.
Aiming: Shock (safe; 2% risk of failure)
Press: ? - help, Shift-Dir - straight line, f/p - gnoll
Aim: a gnoll, wielding a +0 spear and quivering a throwing net (severely wounded, 75% to hit)
The zap misses the gnoll.
The gnoll hits you from afar with a +0 spear!
* * * LOW HITPOINT WARNING * * *
Casting: Shock (safe; 2% risk of failure)
Confirm with . or Enter, or press ? or * to list all spells.
Aiming: Shock (safe; 2% risk of failure)
Press: ? - help, Shift-Dir - straight line, f - goblin, p - gnoll
Aim: a goblin, wielding a +0 dagger (64% to hit)
The zap misses the goblin.
* * * LOW HITPOINT WARNING * * *
The gnoll hits you from afar with a +0 spear.
* * * LOW HITPOINT WARNING * * *
Casting: Shock (safe; 2% risk of failure)
Confirm with . or Enter, or press ? or * to list all spells.
Aiming: Shock (safe; 2% risk of failure)
Press: ? - help, Shift-Dir - straight line, f - gnoll, p - goblin
Aim: a gnoll, wielding a +0 spear and quivering a throwing net (severely wounded, 75% to hit)
The zap hits the gnoll.
The gnoll is severely wounded.
* * * LOW HITPOINT WARNING * * *
The gnoll hits you from afar with a +0 spear!
You die...

##### # ##### #...# .+
#...# #.8.+ ..# #####
#...# #...# .g# ....#
##...######...#..# ###.#
#....†...@gg8.'#
###.####.........#...#.#
#...............##...#
g#
#.#.......########.8.+
J. ..#.......# #...# ##
#.#.......# #####
#.#.......# ######
#.#.####'## #....# #.#.#
#.# #....#


You could see a gnoll and a goblin.

Vanquished Creatures
  An orc priest (D:2)
  2 adders
  3 dart slugs
  A ribbon worm (D:2)
  2 orcs (D:2)
  5 ball pythons
  5 bats
  4 endoplasms
  3 giant cockroaches
  5 goblins
  4 hobgoblins
  3 jackals (D:1)
  2 quokkas
  4 frilled lizards
  7 kobolds
  9 rats
60 creatures vanquished.

Notes
Turn   | Place    | Note
-------+----------+-------------------------------------------
     0 | D:1      | Banquo the Djinni Air Elementalist began the quest for the
                  | Orb.
     0 | D:1      | Banquo set off with the following spells memorised: Shock,
                  | Static Discharge, Swiftness, Airstrike.
     0 | D:1      | Reached XP level 1. HP: 15/15 MP: 0/0
    17 | D:1      | Found Onohouts's Weapon Shop.
    91 | D:1      | Reached XP level 2. HP: 20/22 MP: 0/0
   117 | D:1      | Found a faded altar of an unknown god.
   127 | D:1      | Reached skill level 1 in Fighting
   311 | D:1      | Reached XP level 3. HP: 25/27 MP: 0/0
   311 | D:1      | Learned a level 1 spell: Kiss of Death
   702 | D:2      | Reached XP level 4. HP: 10/34 MP: 0/0
  1291 | D:2      | Found an ornate altar of the Wu Jian Council.
  1336 | D:2      | Reached XP level 5. HP: 38/39 MP: 0/0
  1336 | D:2      | Learned a level 2 spell: Jinxbite
  1504 | D:3      | Found a basalt altar of Yredelemnul.
  1646 | D:3      | Found an ornate altar of the Wu Jian Council.
  1686 | D:3      | Found a hide-covered altar of Uskayaw.
  1985 | D:3      | Found a hazy altar of Hepliaklqana.
  2111 | D:3      | Mangled by a gnoll

Illustrated notes

Levels and vault maps discovered:
D:1:      amcnicky_arrival_feature_with_door, layout_rooms, serial_shops,
          nicolae_shop_crystal, chequers_ecumenical_altar_island,
          minmay_curled_crystal, minmay_tetromino_o4
D:2:      cheibrodos_pilgrimage, layout_loops_ring, basic_altar,
          minmay_close_crescents
D:3:      minmay_chambers_of_threes, layout_basic,
          nicolae_uskayaw_murder_on_the_dancefloor, nzn_wu_jian_council_hall,
          lemuel_coloured_pillars_altar, mainiacjoe_overflow_catwalk

Skill      XL: |  1  2  3  4 |
---------------+-------------+-----
Fighting       | 1 2 |  2.8
Spellcasting   | 4 |  4.1
Conjurations   | 4 |  4.1
Hexes          | 4 |  4.1
Summonings     | 4 |  4.1
Necromancy     | 4 |  4.1
Translocations | 4 |  4.1
Fire Magic     | 4 |  4.1
Ice Magic      | 4 |  4.1
Air Magic      | 4 |  4.1
Earth Magic    | 4 |  4.1
Alchemy        | 4 |  4.1
Dodging        | |  2.1
Stealth        | |  1.5

Action                     |  1- 3 |  4- 6 || total
---------------------------+-------+-------++-------
   Cast: Shock             |    53 |    72 ||   125
 Armour: Robe              |     2 |    18 ||    20
  Dodge: Dodged            |     4 |     7 ||    11

Table legend: (Time is in decaauts)
 A = Elapsed time spent in this place.
 B = Non-inter-level travel time spent in this place.
 C = Inter-level travel time spent in this place.
 D = Time resting spent in this place.
 E = Time spent auto-exploring this place.
 F = Levels seen in this place.
 G = Mean time per level.
                   A        B        C        D        E       F      G
               +--------+--------+--------+--------+--------+-----+--------+
         Total |   2110 |   2010 |    100 |    103 |   1579 |   3 |  703.3 |
       Dungeon |   2110 |   2010 |    100 |    103 |   1579 |   3 |  703.3 |
               +--------+--------+--------+--------+--------+-----+--------+

Top non-repeatable levels by time:
     D:2: 983 daAuts
     D:1: 564 daAuts
     D:3: 563 daAuts
